 Dungeon Crawl Stone Soup version 0.30-a0-170-g85af917532 (webtiles) character file.

Game seed: 7416304160925095279

331 Iusername the Chopper (level 6, -2/55 HPs)
             Began as a Minotaur Fighter on Sept 30, 2022.
             Was an Initiate of Gozag.
             Slain by a kobold brigand
             ... wielding a +0 club
              (4 damage)
             ... on level 3 of the Dungeon.
             The game lasted 00:03:11 (1757 turns).

Iusername the Chopper (Minotaur Fighter)            Turns: 1757, Time: 00:03:13

Health: -2/55      AC:  9    Str: 23    XL:     6   Next: 26%
Magic:  5/5        EV:  9    Int:  5    God:    Gozag
Gold:   125        SH:  4    Dex:  9    Spells: 5/5 levels left

rFire   . . .      SeeInvis .    a - +0 war axe
rCold   . . .      Faith    .    c - +0 buckler
rNeg    . . .      Spirit   .    b - +0 scale mail
rPois   .          Reflect  .    (helmet restricted)
rElec   .          Harm     .    p - +0 cloak
rCorr   .          Rampage  .    r - +0 pair of gloves
Will    .....                    (no boots)
Stlth   ..........               (no amulet)
HPRegen 0.18/turn                (no ring)
MPRegen 0.09/turn                (no ring)

@: mighty, gold aura
A: horns 2, retaliatory headbutt
a: Renounce Religion, Potion Petition, Call Merchant, Bribe Branch


You were on level 3 of the Dungeon.
You worshipped Gozag.
Gozag was aware of your devotion.
You visited 1 branch of the dungeon, and saw 3 of its levels.

You collected 143 gold pieces.
You paid 18 gold pieces to Gozag.

Inventory:

Hand Weapons
 a - a +0 war axe (weapon)
Armour
 b - a +0 scale mail (worn)
 c - a +0 buckler (worn)
 p - a +0 cloak (worn)
 r - a +0 pair of gloves (worn)
Jewellery
 g - a ring of poison resistance
Wands
 k - a wand of paralysis (4)
Scrolls
 h - 2 scrolls of teleportation {unknown}
 j - a scroll of enchant armour {unknown}
 l - a scroll of identify {unknown}
 o - a scroll of vulnerability {unknown}
 q - a scroll of poison {unknown}
Potions
 d - 2 potions of might
 e - a potion of curing {unknown}
 f - a potion of cancellation {unknown}
 i - a potion of attraction {unknown}
 m - a potion of heal wounds {unknown}
 n - a potion of brilliance {unknown}


   Skills:
 + Level 4.9 Fighting
 + Level 5.6 Axes
 + Level 5.0 Armour
 + Level 1.3 Dodging
 + Level 0.2 Stealth
 + Level 4.2 Shields


You had 5 spell levels left.
You didn't know any spells.
Your spell library was empty.

Dungeon Overview and Level Annotations

Branches:
Dungeon (3/15)

Altars:
Gozag


Innate Abilities, Weirdness & Mutations

You have a pair of horns on your head.
You reflexively headbutt those who attack you in melee.


Message History

You kill the kobold!
The kobold brigand hits you with a +0 club.
* * * LOW HITPOINT WARNING * * *
The kobold brigand barely misses you.
You barely miss the kobold brigand. You headbutt the kobold brigand.
You kill the kobold brigand!
You miss the kobold brigand. The kobold brigand barely misses you.
Your Armour skill increases to level 5!
You have reached level 6!
You closely miss the orc priest. You closely miss the kobold brigand.
The kobold brigand hits you with a +0 club.
* * * LOW HITPOINT WARNING * * *
The orc priest barely misses you. You furiously retaliate!
You headbutt the orc priest!!
You kill the orc priest!
A kobold comes into view. It is wielding a +0 club.
The kobold shouts!
The kobold hits you but does no damage.
The kobold brigand hits you with a +0 club.
* * * LOW HITPOINT WARNING * * *
Items here: $ ( )).
You barely miss the kobold. You headbutt the kobold.
You kill the kobold!
You slash the kobold brigand! You block the kobold brigand's attack.
You miss the kobold brigand.
The kobold brigand is moderately wounded.
The kobold brigand hits you but does no damage.
The kobold brigand hits you with a +0 club.
* * * LOW HITPOINT WARNING * * *
You barely miss the kobold brigand.
The kobold brigand is moderately wounded.
The kobold brigand is distracted by your dazzling golden aura.
You catch the helpless kobold brigand completely off-guard!
You slash the kobold brigand!
The kobold brigand is no longer distracted by gold.
The kobold brigand is almost dead.
A kobold comes into view. It is wielding a +0 dagger.
The kobold brigand hits you with a +0 club.
You die...
Your body crumbles into a pile of gold.

.........# #...#
###.###.####.###K. ....#
#.....<.#.K#
....#########.#..#
..............#..#
....###########..#
............# ..##
####........# #K.#
##........# #@K#
#.........####.$#
###...###.....##$.#.###
....).# #......$........
......###...$$.......>..
......##.....##.........
.....#.....$..#.........
.............(#.........
.....#........#.........


You could see a kobold brigand and 3 kobolds.

Vanquished Creatures
  A kobold brigand (D:3)
  A hound (D:3)
  An orc priest (D:3)
  Crazy Yiuf (D:2)
  Natasha (thrice) (D:2)
  4 adders
  A dart slug (D:2)
  2 orcs (D:3)
  4 endoplasms
  A giant cockroach (D:1)
  2 goblins (D:2)
  3 hobgoblins (D:1)
  10 jackals
  13 kobolds
  3 quokkas
  3 ball pythons
  4 bats
  2 frilled lizards
  6 rats
65 creatures vanquished.

Vanquished Creatures (others)
  A fungus (D:2)
  A withered plant (D:1)
2 creatures vanquished.

Grand Total: 67 creatures vanquished

Notes
Turn   | Place    | Note
-------+----------+-------------------------------------------
     0 | D:1      | Iusername the Minotaur Fighter began the quest for the Orb.
     0 | D:1      | Reached XP level 1. HP: 19/19 MP: 0/0
   111 | D:1      | Reached XP level 2. HP: 24/27 MP: 1/1
   244 | D:1      | Found a faded altar of an unknown god.
   627 | D:2      | Noticed Natasha
   632 | D:2      | Killed Natasha
   633 | D:2      | Reached XP level 3. HP: 23/33 MP: 2/2
   820 | D:2      | Reached XP level 4. HP: 40/40 MP: 3/3
   869 | D:2      | Noticed Natasha
   873 | D:2      | Killed Natasha
  1066 | D:2      | Found an opulent altar of Gozag.
  1223 | D:2      | Noticed Natasha
  1230 | D:2      | Killed Natasha
  1231 | D:2      | Reached XP level 5. HP: 44/47 MP: 4/4
  1258 | D:2      | Became a worshipper of Gozag Ym Sagoz the Greedy
  1295 | D:2      | Found a runed translucent door.
  1296 | D:2      | Noticed Crazy Yiuf
  1451 | D:2      | Killed Crazy Yiuf
  1452 | D:2      | Reached skill level 1 in Dodging
  1688 | D:3      | Reached skill level 5 in Axes
  1752 | D:3      | Reached skill level 5 in Armour
  1752 | D:3      | Reached XP level 6. HP: 10/55 MP: 5/5
  1755 | D:3      | HP: 2/55 [kobold brigand/+0 club (5)]
  1757 | D:3      | Slain by a kobold brigand

Illustrated notes

Levels and vault maps discovered:
D:1:      lemuel_arrival_broad_hall, layout_basic,
          shapermc_ecumenical_altar_flowoftime
D:2:      layout_loops_cross, basic_altar, uniq_natasha, uniq_crazy_yiuf_cottage
D:3:      cheibrodos_thug_alley, layout_basic, serial_shops, shop_statue

Skill      XL: |  1  2  3  4  5 |
---------------+----------------+-----
Armour         | 4 5 |  5.0
Fighting       | 4 |  4.9
Axes           | 3 4 5 |  5.6
Shields        | 4 |  4.2
Dodging        | 1 |  1.3
Stealth        | |  0.2

Action                   |  1- 3 |  4- 6 || total
-------------------------+-------+-------++-------
Melee: War axe           |    56 |    69 ||   125
       Headbutt          |     4 |     9 ||    13
  Use: Potion            |       |     1 ||     1
 Stab: Distracted        |       |     1 ||     1
Armor: Scale mail        |    46 |    31 ||    77
Dodge: Dodged            |    47 |    25 ||    72
Block: Buckler           |    21 |    16 ||    37

Table legend: (Time is in decaauts)
 A = Elapsed time spent in this place.
 B = Non-inter-level travel time spent in this place.
 C = Inter-level travel time spent in this place.
 D = Time resting spent in this place.
 E = Time spent auto-exploring this place.
 F = Levels seen in this place.
 G = Mean time per level.
                   A        B        C        D        E       F      G
               +--------+--------+--------+--------+--------+-----+--------+
         Total |   1806 |   1729 |     77 |     42 |   1335 |   3 |  602.0 |
       Dungeon |   1806 |   1729 |     77 |     42 |   1335 |   3 |  602.0 |
               +--------+--------+--------+--------+--------+-----+--------+

Top non-repeatable levels by time:
     D:2: 886 daAuts
     D:1: 637 daAuts
     D:3: 282 daAuts
